 Seeded DCSS version 0.28.0-53-g5a82cb258f (webtiles) character file.

Game seed: 8123776248643956843 (custom seed)

6 Kranky the Prestidigitator (level 1, 0/13 HPs)
             Began as a Gnoll Wanderer on June 24, 2022.
             Slain by a goblin
             ... wielding a +0 club
              (3 damage)
             ... on level 1 of the Dungeon.
             The game lasted 00:00:34 (552 turns).

Kranky the Prestidigitator (Gnoll Wanderer)          Turns: 552, Time: 00:00:34

Health: 0/13       AC:  5    Str: 11    XL:     1   Next: 90%
Magic:  1/1        EV: 10    Int: 12    God:
Gold:   12         SH:  0    Dex: 10    Spells: 0/0 levels left

rFire   . . .      SeeInvis .   a - +0 club
rCold   . . .      Faith    .   (no shield)
rNeg    . . .      Spirit   .   f - +0 ring mail
rPois   .          Reflect  .   (no helmet)
rElec   .          Harm     .   (no cloak)
rCorr   .          Rampage  .   (no gloves)
Will    .....                   (no boots)
Stlth   ++........              (no amulet)
HPRegen 0.04/turn               (no ring)
MPRegen 0.07/turn               (no ring)

@: no status effects
A: fangs 1, strong nose, distributed training
a: no special abilities


You were on level 1 of the Dungeon.
You visited 1 branch of the dungeon, and saw 1 of its levels.

You collected 12 gold pieces.

Inventory:

Hand Weapons
 a - a +0 club (weapon)
Armour
 d - a +0 robe
 f - a +0 ring mail (worn)
Scrolls
 c - 2 scrolls of teleportation
Potions
 b - a potion of lignification
Miscellaneous
 e - a box of beasts (inert) (quivered)


   Skills:
 + Level 0.2 Fighting
 + Level 0.2 Short Blades
 + Level 0.2 Long Blades
 + Level 0.2 Axes
 + Level 0.2 Maces & Flails
 + Level 0.2 Polearms
 + Level 0.2 Staves
 + Level 0.2 Slings
 + Level 0.2 Bows
 + Level 0.2 Crossbows
 + Level 0.2 Throwing
 + Level 2.4 Armour
 + Level 2.4 Dodging
 + Level 4.0 Stealth
 + Level 0.2 Shields
 + Level 4.4 Unarmed Combat
 + Level 0.2 Spellcasting
 + Level 0.1 Conjurations
 + Level 0.1 Hexes
 + Level 0.1 Summonings
 + Level 0.1 Necromancy
 + Level 0.1 Translocations
 + Level 0.1 Transmutations
 + Level 0.1 Fire Magic
 + Level 0.1 Ice Magic
 + Level 0.1 Air Magic
 + Level 0.1 Earth Magic
 + Level 0.1 Poison Magic
 + Level 0.3 Invocations
 + Level 8.4 Evocations


You couldn't memorise any spells.
You didn't know any spells.
Your spell library was empty.

Dungeon Overview and Level Annotations

Branches:
Dungeon (1/15)

Altars:


Innate Abilities, Weirdness & Mutations

You have very sharp teeth.
Your uncanny sense of smell can sniff out nearby items.
Your experience applies equally to all skills.


Message History

...and a mature shockox beast leaps out!
The box is emptied!
Unknown command.
You now have 12 gold pieces.
Found 13 stones.
Your mature shockox beast disappears in a puff of smoke!
A frilled lizard comes into view.
A frilled lizard is nearby!
The frilled lizard hisses angrily.
You hit the frilled lizard.
You kill the frilled lizard!
No target in view!
No target in view!
A goblin comes into view. It is wielding a +0 club.
A goblin is nearby!
A jackal comes into view.
The goblin shouts!
The goblin hits you but does no damage.
You closely miss the goblin. The goblin hits you with a +0 club.
A jackal comes into view.
The goblin hits you with a +0 club.
You closely miss the goblin. The goblin hits you with a +0 club.
You completely miss the goblin.
A jackal comes into view.
The goblin barely misses you.
You barely miss the goblin.
The jackal barks!
You hear a bark!
The goblin hits you with a +0 club.
The jackal barks!
You are too injured to fight recklessly!
You are too injured to fight recklessly!
You are too injured to fight recklessly!
You hit the goblin.
The goblin is heavily wounded.
The goblin hits you but does no damage. The goblin hits you with a +0 club.
* * * LOW HITPOINT WARNING * * *
You hit the goblin.
The goblin is severely wounded.
The goblin hits you with a +0 club.
You die...

............#
##########...
...........# ###.
..........#### ##..
#..........#### #####..#
#.............###......#
##.................####.#
#.......#.....####......#
#.##..h##.............(..
#. ##.hg@........##.##..#
# #.###.....#####.##...
...# #.....# .#.(#.
#####...##.... ##.###
#...#..### #.. # #.....#
#.# # .. .. .. ∆


You could see 2 jackals and a goblin.

Vanquished Creatures
  A giant cockroach (D:1)
  3 hobgoblins (D:1)
  A frilled lizard (D:1)
5 creatures vanquished.

Notes
Turn   | Place    | Note
-------+----------+-------------------------------------------
     0 | D:1      | Kranky the Gnoll Wanderer began the quest for the Orb.
     0 | D:1      | Kranky set off with the following items: a +0 club, a
                  | potion of lignification, a scroll of teleportation, a +0
                  | robe, a box of beasts
     0 | D:1      | Reached XP level 1. HP: 13/13 MP: 1/1
   552 | D:1      | Slain by a goblin

Illustrated notes

Levels and vault maps discovered:
D:1:      tarquinn_simple_flora_water_c, layout_rooms, basic_ecumenical_altar

Action                   || total
-------------------------++-------
Melee: Club              ||    34
       Punch             ||     2
       Bite              ||     2
Evoke: Box of beasts     ||     1
 Stab: Sleeping          ||     1
Armor: Ring mail         ||    11
       Robe              ||     1
Dodge: Dodged            ||    25
